 Dungeon Crawl Stone Soup version 0.29.1-1-gd02db6906a (webtiles) character file.

Game seed: 11121321847903691903

60 Hadkhar the Firebug (level 4, -5/36 HPs)
             Began as a Hill Orc Fire Elementalist on Sept 27, 2022.
             Slain by Terence
             ... wielding a +0 morningstar
              (11 damage)
             ... on level 2 of the Dungeon.
             The game lasted 00:18:30 (4016 turns).

Hadkhar the Firebug (Hill Orc Fire Elementalist)    Turns: 4016, Time: 00:18:30

Health: -5/36      AC:  5    Str: 18    XL:     4   Next: 6%
Magic:  3/6        EV: 10    Int: 15    God:
Gold:   162        SH:  5    Dex: 11    Spells: 5/6 levels left

rFire   . . .      SeeInvis .   c - +0 hand axe
rCold   . . .      Faith    .   q - +2 buckler
rNeg    . . .      Spirit   .   l - +0 ring mail
rPois   .          Reflect  .   (no helmet)
rElec   .          Harm     .   (no cloak)
rCorr   .          Rampage  .   (no gloves)
Will    .....                   (no boots)
Stlth   +.........              (no amulet)
HPRegen 0.12/turn               g - ring of wizardry
MPRegen 0.10/turn               n - +6 ring of strength

@: no status effects
A: no striking features
a: no special abilities


You were on level 2 of the Dungeon.
You visited 1 branch of the dungeon, and saw 3 of its levels.

You collected 162 gold pieces.

Inventory:

Hand Weapons
 c - a +0 hand axe (weapon)
Missiles
 e - 11 poisoned darts
Armour
 l - a +0 ring mail (worn)
 q - a +2 buckler (worn)
Jewellery
 g - a ring of wizardry (left hand)
 n - a +6 ring of strength (right hand)
Scrolls
 d - a scroll of enchant weapon {unknown}
 f - 2 scrolls of identify {unknown}
 h - a scroll of enchant armour {unknown}
 i - 2 scrolls of brand weapon {unknown}
 p - a scroll of magic mapping {unknown}
Potions
 b - a potion of magic
 k - a potion of curing {unknown}
 m - a potion of attraction {unknown}
 o - a potion of invisibility {unknown}


   Skills:
 + Level 1.9 Fighting
 + Level 2.0 Axes
 + Level 1.2 Armour
 - Level 1.5 Dodging
 - Level 1.5 Stealth
 - Level 1.7 Spellcasting
 - Level 1.3 Conjurations
 + Level 3.8 Fire Magic


You had 5 spell levels left.
You knew the following spells:

 Your Spells              Type           Power      Damage    Failure   Level
a - Foxfire               Conj/Fire      36%        2x1d5     8%          1

Your spell library contained the following spells:

 Spells                   Type           Power      Damage    Failure   Level
 Scorch                   Fire           24%        2d6       7%          2
 Magic Dart               Conj           20%        1d4       13%         1
 Searing Ray              Conj           10%        2d4       19%         2
 Conjure Flame            Conj/Fire      9%         6-21      22%         3
 Inner Flame              Hex/Fire       7%         N/A       28%         3
 Flame Wave               Conj/Fire      9%         2d6       56%         4
 Fulminant Prism          Conj/Hex       1%         3d6       82%         4


Dungeon Overview and Level Annotations

Branches:
Dungeon (3/15)

Altars:

Shops:
D:2 :[[:

Annotations:
D:2 Terence


Message History

The ball python barely misses you. x3; The ball python misses you.
You hit the ball python but do no damage.
The ball python closely misses you. The ball python grabs you.
The ball python constricts you.
You slash the ball python!
You kill the ball python!
An endoplasm comes into view.
Found a thin jewelled staff.
Terence the Incautious comes into view.
He is wielding a +0 morningstar.
Terence shouts!
Terence asks, "Do you want it fast or slow?"
You see here a +0 chain mail.
Casting: Foxfire (safe; 8% risk of failure)
Press: ? - help, Q - select action, (/) - cycle Dir - look around, f - activate You conjure some foxfire!
Terence attacks as you move away! Terence hits you with a +0 morningstar!
The foxfire hits Terence.
Terence is lightly wounded.
The foxfire hits Terence but does no damage.
Terence is lightly wounded.
There is a stone staircase leading up here.
Terence says, "You're history."
Terence hits you with a +0 morningstar.
You climb upwards.
There is a stone staircase leading down here.
Casting: Foxfire (safe; 8% risk of failure)
Press: ? - help, Q - select action, (/) - cycle Dir - look around, f - activate You conjure some foxfire!
You block Terence's attack. Terence attacks as you move away!
Terence hits you with a +0 morningstar!
* * * LOW HITPOINT WARNING * * *
The foxfire hits Terence.
Terence is lightly wounded.
The foxfire hits Terence but does no damage.
Terence is lightly wounded.
Casting: Foxfire (safe; 8% risk of failure)
Press: ? - help, Q - select action, (/) - cycle Dir - look around, f - activate You conjure some foxfire!
Terence hits you with a +0 morningstar!
You die...

#.#.#.#.### #.##
####.### .#.#.#.#..#
#..# #......#
#.#.#.#.#.######## ##.#
#.##.#.#
#####.#..........# #.#
#.##.#.# #......#####.#
#.# #.##.#..
#.#...######.####.#
#.##....
#####.##..###..ยง......#
#.####..
...........<..##@######
#.# #.#
#####.###.######@#
#.####.# #####.#
#.######v# #......#
......# #........#
######## #######
##########


You could see Terence (ally target).

Vanquished Creatures
  An adder (D:2)
  2 worms (D:2)
  A dart slug (D:2)
  6 endoplasms
  2 giant cockroaches (D:1)
  A hobgoblin (D:2)
  5 jackals (D:2)
  A quokka (D:2)
  5 ball pythons
  4 bats (D:1)
  4 goblins
  4 kobolds
  3 rats
  A spectral hobgoblin (D:1)
40 creatures vanquished.

Vanquished Creatures (others)
  39 foxfires
39 creatures vanquished.

Grand Total: 79 creatures vanquished

Notes
Turn   | Place    | Note
-------+----------+-------------------------------------------
     0 | D:1      | Hadkhar the Hill Orc Fire Elementalist began the quest for
                  | the Orb.
     0 | D:1      | Reached XP level 1. HP: 14/14 MP: 3/3
    60 | D:1      | You fall into a shaft and drop 1 floor!
   279 | D:1      | Found a faded altar of an unknown god.
   655 | D:1      | Reached XP level 2. HP: 22/22 MP: 1/4
   728 | D:1      | Reached skill level 1 in Fighting
  1532 | D:2      | Found Latsy's Armour Boutique.
  1553 | D:2      | HP: 1/23 [worm (4)]
  1921 | D:2      | Reached skill level 1 in Axes
  2022 | D:2      | Found Qasiem's Book Shoppe.
  2246 | D:2      | Reached XP level 3. HP: 19/28 MP: 5/5
  2957 | D:2      | Reached skill level 1 in Armour
  3125 | D:2      | Found Debbojiff's Antique Armour Shoppe.
  3175 | D:2      | Found Fikiorgh's Book Emporium.
  3400 | D:2      | Reached XP level 4. HP: 36/36 MP: 2/6
  3985 | D:3      | Noticed Terence
  4016 | D:2      | Slain by Terence

Illustrated notes

Levels and vault maps discovered:
D:1:      lemuel_arrival_broad_hall, layout_rooms,
          dreamdust_ecumenical_altar_drowned_temple, minmay_misc_feat_pillars,
          minmay_close_crescents
D:2:      layout_loops_corners, serial_shops, shop,
          nicolae_shop_window_shopping, shop_fountains, nicolae_shop_trees,
          hangedman_decor_clover_reticule, grunt_decor_resistance, minivault_23,
          minmay_joined_circles
D:3:      layout_basic, uniq_terence, uniq_natasha

Skill      XL: |  1  2  3 |
---------------+----------+-----
Fighting       | 1 |  1.9
Axes           | 1 2 |  2.0
Armour         | 1 |  1.2
Dodging        | |  1.5
Stealth        | |  1.5
Spellcasting   | |  1.7
Conjurations   | |  1.3
Fire Magic     | |  3.8

Action                   |  1- 3 |  4- 6 || total
-------------------------+-------+-------++-------
Melee: Hand axe          |   146 |     6 ||   152
 Cast: Foxfire           |    19 |     4 ||    23
 Stab: Sleeping          |     2 |       ||     2
Armor: Robe              |    11 |       ||    11
       Ring mail         |    41 |     1 ||    42
Dodge: Dodged            |    84 |     7 ||    91
Block: Buckler           |    10 |     2 ||    12
